 Dungeon Crawl Stone Soup version 0.30.1-11-g7821555f0a (webtiles) character file.

Game seed: 13918014000535887120

174 andronian the Magician (level 5, -20/28 HPs)
             Began as a Deep Elf Conjurer on Nov 28, 2023.
             Was an Initiate of Vehumet.
             Killed from afar by Sigmund (22 damage)
             ... with a bolt of dispelling energy
             ... on level 4 of the Dungeon.
             The game lasted 00:07:11 (3441 turns).

andronian the Magician (Deep Elf Conjurer)          Turns: 3441, Time: 00:07:12

Health: -20/28     AC:  2    Str:  2    XL:     5   Next: 28%
Magic:  4/15       EV: 12    Int: 33    God:    Vehumet [......]
Gold:   137        SH:  0    Dex: 11    Spells: 10/16 levels left

rFire   . . .        q - +2 dagger (drain)
rCold   . . .        (no shield)
rNeg    . . .        a - +0 robe
rPois   .            (no helmet)
rElec   .            (no cloak)
rCorr   +            (no gloves)
SInv    .            (no boots)
Will    .....        (no amulet)
Stlth   ++           i - ring of resist corrosion
HPRegen 0.24/turn    (no ring)
MPRegen 0.14/turn

%: no passive effects
@: mighty
A: talons 1, clever 2
a: Renounce Religion


You were on level 4 of the Dungeon.
You worshipped Vehumet.
Vehumet was noncommittal.
You visited 1 branch of the dungeon, and saw 4 of its levels.

You collected 137 gold pieces.

Inventory:

Hand Weapons
 q - a +2 dagger of draining (weapon)
Armour
 a - a +0 robe (worn)
Jewellery
 i - a ring of resist corrosion (left hand)
 t - an amulet of the acrobat
 w - a ring of protection from cold
Wands
 r - a wand of mindburst (13)
Scrolls
 c - 2 scrolls of fear {unknown}
 h - a scroll of summoning {unknown}
 j - 2 scrolls of identify {unknown}
 k - 2 scrolls of teleportation {unknown}
 l - a scroll of brand weapon {unknown}
 o - a scroll of enchant armour {unknown}
 s - a scroll of silence {unknown}
 u - a scroll of immolation {unknown}
Potions
 b - a potion of magic
 d - 2 potions of mutation
 e - 2 potions of lignification {unknown}
 f - a potion of curing {unknown}
 g - 3 potions of might
 m - a potion of resistance {unknown}
 n - a potion of brilliance {unknown}
 p - 3 potions of heal wounds {unknown}
 v - a potion of berserk rage {unknown}


   Skills:
 - Level 2.4 Dodging
 - Level 2.4 Stealth
 * Level 6.3 Spellcasting
 + Level 5.5 Conjurations


You had 10 spell levels left.
You knew the following spells:

 Your Spells              Type           Power      Damage    Failure   Level
a - Magic Dart            Conj           100%       1d8       1%          1
b - Searing Ray           Conj           92%        2d7       1%          2
c - Dazzling Flash        Conj/Hex       56%        N/A       4%          3

Your spell library contained the following spells:

 Spells                   Type           Power      Damage    Failure   Level
 Lesser Beckoning         Tloc           20%        N/A       6%          2
 Gell's Gravitas          Tloc           10%        N/A       12%         3
 Teleport Other           Tloc           10%        N/A       12%         3
 Fulminant Prism          Conj/Hex       14%        3d8       13%         4
 Iskenderun's Mystic Bla  Conj/Tloc      28%        2d7       13%         4


Dungeon Overview and Level Annotations

Branches:
Dungeon (4/15)
 Temple: D:4-7

Altars:
Fedhas
Gozag
Qazlal
Vehumet
Xom

Shops:
D:1 [[   D:3 =

Annotations:
D:4 Sigmund


Innate Abilities, Weirdness & Mutations

You have sharp toenails.
Your mind is very acute. (Int +8, Str/Dex -2)


Message History

Found a robe, 2 gold pieces and a bronze ring.
w - a ring of protection from cold Sigmund the Dreaded comes into view.
He is wielding a +2 heavy scythe and carrying a wand of quicksilver (10).
Casting: Searing Ray (safe; 1% risk of failure)
Confirm with . or Enter, or press ? or * to list all spells.
You can't see any susceptible monsters within range! (Use Z to cast anyway.) Sigmund shouts!
Sigmund drinks a potion.
Sigmund flickers and vanishes!
Deactivating autopickup; reactivate with Ctrl-A.
Casting: Searing Ray (safe; 1% risk of failure)
Confirm with . or Enter, or press ? or * to list all spells.
The spell is quite dangerous to miscast (7% risk of failure)!
Continue anyway?
Casting: Dazzling Flash (quite dangerous; 7% risk of failure)
Press: ? - help, Dir - look around, f - activate
Casting: Dazzling Flash (quite dangerous; 7% risk of failure)
Confirm with . or Enter, or press ? or * to list all spells.
The spell is quite dangerous to miscast (7% risk of failure)!
Continue anyway?
Okay, then.
You hear a zap.
A bolt of dispelling energy appears from out of thin air!
The bolt of dispelling energy hits you!
Casting: Dazzling Flash (quite dangerous; 7% risk of failure)
Confirm with . or Enter, or press ? or * to list all spells.
The spell is quite dangerous to miscast (7% risk of failure)!
Continue anyway?
Uppercase [Y]es or [N]o only, please.
The spell is quite dangerous to miscast (7% risk of failure)!
Continue anyway?
Casting: Dazzling Flash (quite dangerous; 7% risk of failure)
Press: ? - help, Dir - look around, f - activate Something hits you!
* * * LOW HITPOINT WARNING * * *
It was a potion of might.
You feel very mighty all of a sudden.
It was a potion of mutation.
You feel extremely strange.
Your toenails lengthen and sharpen.
You feel clever. x2
You hear a zap.
A bolt of dispelling energy appears from out of thin air!
The bolt of dispelling energy hits you!!
Your magical effects are unravelling.
Ouch! That really hurt!
You die...

... ....
....####
......#######
#..........#
#$.........#
#......{[..#
#..........#
#........@.#
#.##########
#


There were no monsters in sight!

Vanquished Creatures
  Jessica (D:2)
  Terence (D:2)
  5 adders
  3 worms (D:2)
  4 dart slugs
  3 orcs (D:3)
  7 endoplasms
  A giant cockroach (D:3)
  4 goblins
  6 hobgoblins
  3 jackals (D:1)
  A quokka (D:1)
  6 ball pythons
  6 bats
  3 frilled lizards
  5 kobolds
  2 rats
61 creatures vanquished.

Notes
Turn   | Place    | Note
-------+----------+-------------------------------------------
     0 | D:1      | andronian the Deep Elf Conjurer began the quest for the
                  | Orb.
     0 | D:1      | Reached XP level 1. HP: 10/10 MP: 6/6
   102 | D:1      | Reached XP level 2. HP: 15/15 MP: 1/8
   192 | D:1      | Found Ytonis's Antique Armour Shop.
   290 | D:1      | Found a faded altar of an unknown god.
   443 | D:1      | Reached skill level 4 in Spellcasting
   864 | D:1      | Reached XP level 3. HP: 18/19 MP: 6/10
   925 | D:1      | Found Zaduhes's Armour Shoppe.
  1390 | D:2      | Found a blossoming altar of Fedhas.
  1401 | D:2      | Learned a level 2 spell: Searing Ray
  1402 | D:2      | Noticed Jessica
  1406 | D:2      | Killed Jessica
  1407 | D:2      | Reached skill level 5 in Spellcasting
  1407 | D:2      | Reached skill level 5 in Conjurations
  1515 | D:2      | Reached XP level 4. HP: 24/24 MP: 10/13
  1753 | D:2      | Noticed Terence
  1759 | D:2      | Killed Terence
  2508 | D:3      | Reached skill level 6 in Spellcasting
  2529 | D:3      | Found a shimmering altar of Xom.
  2531 | D:3      | Found a stormy altar of Qazlal.
  2537 | D:3      | Found a blossoming altar of Fedhas.
  2553 | D:3      | Learned a level 3 spell: Dazzling Flash
  2557 | D:3      | Reached XP level 5. HP: 27/28 MP: 8/15
  2758 | D:3      | Found Niej's Jewellery Shop.
  3076 | D:3      | Found an opulent altar of Gozag.
  3280 | D:3      | Found a radiant altar of Vehumet.
  3321 | D:3      | Became a worshipper of Vehumet
  3417 | D:4      | Noticed a black bear
  3431 | D:4      | Noticed Sigmund
  3437 | D:4      | HP: 1/28 [something (11)]
  3440 | D:4      | Gained mutation: You have sharp toenails. [potion of
                  | mutation]
  3440 | D:4      | Gained mutation: Your mind is acute. (Int +4, Str/Dex -1)
                  | [potion of mutation]
  3440 | D:4      | Gained mutation: Your mind is very acute. (Int +8, Str/Dex
                  | -2) [potion of mutation]
  3441 | D:4      | Killed from afar by Sigmund

Illustrated notes

Levels and vault maps discovered:
D:1:      tarquinn_simple_flora_water_e, layout_loops_corners,
          shapermc_ecumenical_altar_acropolis, serial_shops, shop,
          nicolae_shop_back_alley_shop, minivault_27
D:2:      layout_basic, basic_altar, uniq_jessica, uniq_terence
D:3:      layout_loops_ring, grunt_gozag_statues, fedhas_altar_2,
          lemuel_tele_altar, nicolae_overflow_hidden_temple, serial_shops, shop
D:4:      layout_rooms, uniq_sigmund

Skill      XL: |  1  2  3  4 |
---------------+-------------+-----
Spellcasting   | 4 5 6 |  6.3
Conjurations   | 5 |  5.5
Dodging        | |  2.4
Stealth        | |  2.4

Action                     |  1- 3 |  4- 6 || total
---------------------------+-------+-------++-------
  Melee: Dagger            |     5 |       ||     5
   Cast: Magic Dart        |    65 |    58 ||   123
         Searing Ray       |     1 |    14 ||    15
         Dazzling Flash    |       |     2 ||     2
    Use: Potion            |       |     2 ||     2
   Stab: Sleeping          |     1 |       ||     1
 Armour: Robe              |     1 |     2 ||     3
  Dodge: Dodged            |     9 |     9 ||    18
